Map: 死亡光環 - 天梯版

Players

lemon - Winner!

  • Race: Zerg Zerg
  • Spawn Location: 5:00

MysteryMan (Rilakkuma)

  • Race: Zerg Zerg
  • Spawn Location: 11:00

Event: DreamHack SC2 Masters 2020 Winter

VOD

Have the link to the VOD?

Description

Time

  • Played on: Oct. 13, 2020, 7:41 a.m.
  • Length: 12:49

All games in this series

Show
View Real Time Build Order
Export as new Build Order

lemon Zerg - Winner!

Build Orders: Hatch First, Lurkers 

Get SALT Encoding   

  12  0:00  Drone  
  13  0:12  Overlord  
  13  0:17  Drone  
  14  0:31  Drone x2  
  16  0:47  Hatchery  
  15  0:50  Drone  
  15  0:54  Drone  
  17  0:58  Drone  
  18  1:08  Extractor  
  17  1:12  Spawning Pool  
  17  1:15  Drone  
  18  1:18  Drone  
  18  1:29  Drone  
  19  1:39  Drone  
  20  1:52  Drone  
  21  1:59  Queen x2  
  21  2:00  Zergling x2, Overlord  
  26  2:11  Drone x2  
  28  2:22  Drone x2  
  30  2:32  Hatchery  
  29  2:38  Drone x2  
  31  2:47  Drone, Overlord  
  32  2:52  Drone  
  32  2:54  Evolution Chamber  
  32  3:05  Drone x3  
  34  3:07  Drone  
  35  3:13  Drone x5  
  35  3:18  Roach Warren  
  35  3:19  Zerg Missile Weapons Level 1  
  39  3:26  Zergling x2  
  40  3:27  Drone  
  40  3:29  Lair  
  40  3:30  Drone  
  42  3:40  Drone  
  42  3:41  Drone  
  44  3:44  Extractor x2, Overlord  
  44  3:45  Drone x4  
  46  3:53  Overlord x2  
  46  3:55  Overlord  
  46  4:05  Queen  
  48  4:14  Drone x2  
  48  4:15  Drone x5  
  55  4:17  Drone  
  55  4:22  Drone  
  55  4:23  Drone x4  
  60  4:30  Hydralisk Den  
  59  4:32  Queen  
  59  4:33  Queen  
  59  4:37  Overseer  
  63  4:44  Queen  
  65  4:50  Overlord x2  
  65  4:54  Drone x7  
  72  5:01  Drone  
  72  5:02  Lurker Den  
  72  5:05  Drone x4  
  76  5:07  Spore Crawler  
  76  5:10  Spore Crawler  
  76  5:13  Spore Crawler, Extractor, Hydralisk  
  74  5:14  Extractor  
  74  5:18  Spore Crawler, Hydralisk  
  74  5:19  Hydralisk  
  76  5:21  Hydralisk  
  76  5:25  Hydralisk  
  80  5:30  Hydralisk  
  80  5:31  Hydralisk x2  
  86  5:35  Overlord  
  86  5:39  Overlord  
  86  5:40  Overlord  
  86  5:41  Overlord  
  86  5:51  Extractor, Infestation Pit  
  86  5:52  Zerg Missile Weapons Level 2  
  84  5:59  Drone  
  84  6:00  Drone x4, Spore Crawler  
  84  6:01  Drone x2  
  84  6:02  Lurker x2  
  93  6:04  Lurker  
  93  6:11  Drone x5, Spore Crawler  
  93  6:12  Spore Crawler  
  93  6:17  Lurker  
  97  6:18  Drone  
  97  6:19  Drone x2  
  97  6:25  Drone x2  
  102  6:27  Spore Crawler  
  102  6:28  Hydralisk  
  102  6:29  Spore Crawler  
  102  6:32  Muscular Augments  
  103  6:37  Spore Crawler  
  103  6:38  Hydralisk x2  
  105  6:43  Spore Crawler  
  105  6:46  Hive  
  104  6:48  Overlord x3  
  104  6:51  Lurker x2  
  106  6:59  Spore Crawler  
  105  7:07  Hydralisk x5  
  115  7:08  Spore Crawler  
  114  7:23  Drone  
  114  7:24  Drone x2  
  114  7:25  Hydralisk x4  
  125  7:31  Hatchery  
  125  7:35  Hydralisk  
  125  7:36  Hydralisk x2  
  130  7:37  Overseer  
  130  7:42  Pneumatized Carapace  
  129  7:53  Hatchery  
  129  7:55  Drone x2  
  129  7:56  Overlord  
  129  7:57  Overlord x2  
  130  7:59  Seismic Spines  
  130  8:08  Spore Crawler  
  130  8:12  Grooved Spines  
  129  8:13  Drone  
  129  8:15  Extractor  
  129  8:16  Overlord x2  
  129  8:26  Viper x2  
  134  8:34  Drone x5  
  135  8:36  Drone x10  
  135  8:37  Overlord x3  
  149  8:42  Spore Crawler  
  149  8:46  Zerg Missile Weapons Level 3  
  149  8:48  Viper  
  151  8:55  Spore Crawler  
  150  8:58  Adaptive Talons  
  150  9:01  Lurker  
  151  9:10  Hydralisk x4  
  159  9:17  Spore Crawler, Extractor  
  159  9:22  Spore Crawler  
  159  9:24  Spore Crawler  
  155  9:28  Hydralisk  
  155  9:29  Hydralisk x6  
  155  9:30  Evolution Chamber  
  155  9:31  Evolution Chamber  
  167  9:35  Drone x8  
  167  9:37  Overlord  
  175  9:42  Overseer  
  175  9:44  Overlord  
  175  9:56  Lurker x4  
  177  10:01  Hydralisk x4  
  167  10:19  Spore Crawler  
  161  10:21  Spore Crawler, Hydralisk  
  161  10:22  Hydralisk x8  
  161  10:28  Hydralisk x3  
  184  10:37  Hydralisk  
  184  10:38  Hydralisk x3  
  184  10:39  Hatchery  
  187  10:43  Overseer  
  187  10:46  Spore Crawler  
  186  10:51  Hydralisk x6  
  198  10:57  Lurker  
  199  11:12  Lurker  
  200  11:35  Hydralisk  
  200  11:36  Hydralisk x3  
  200  11:43  Extractor  
  183  11:48  Hydralisk  
  183  11:49  Hydralisk x10  
  183  11:53  Extractor  
  182  12:09  Hydralisk  
  182  12:10  Hydralisk x11  
  199  12:16  Hatchery  
  199  12:19  Overseer  
  199  12:20  Overseer  
  190  12:48  Extractor  
Show
View Real Time Build Order
Export as new Build Order

MysteryMan Zerg 

Build Orders: Hatch First, Muta Ling Bane 

Get SALT Encoding   

  12  0:00  Drone  
  13  0:12  Overlord  
  13  0:17  Drone  
  14  0:30  Drone x2  
  16  0:48  Hatchery  
  15  0:51  Drone  
  15  0:54  Drone  
  17  0:58  Drone  
  18  1:09  Extractor  
  17  1:13  Spawning Pool  
  17  1:16  Drone  
  17  1:19  Drone  
  18  1:29  Drone  
  19  1:38  Drone  
  20  1:49  Overlord  
  20  1:59  Queen  
  20  2:00  Queen  
  24  2:01  Drone  
  24  2:02  Drone  
  26  2:11  Drone x2  
  28  2:22  Zergling x2  
  29  2:23  Drone  
  30  2:33  Drone x2  
  30  2:35  Queen  
  30  2:36  Lair  
  34  2:43  Overlord  
  34  2:45  Drone, Extractor  
  34  2:54  Drone x2  
  37  3:05  Drone x2  
  37  3:09  Drone x6  
  44  3:18  Overlord  
  44  3:20  Evolution Chamber, Extractor  
  44  3:23  Drone  
  43  3:31  Drone  
  43  3:32  Extractor  
  43  3:35  Spire, Overlord  
  43  3:39  Drone  
  43  3:40  Drone x3  
  46  3:43  Drone  
  46  3:44  Drone  
  48  3:52  Drone x2  
  50  3:57  Roach Warren  
  50  3:59  Zerg Melee Weapons Level 1  
  50  4:00  Drone  
  50  4:06  Drone  
  50  4:07  Zergling x2  
  52  4:13  Overlord  
  52  4:15  Zergling x6  
  55  4:36  Zergling x4  
  57  4:42  Hatchery  
  56  4:46  Mutalisk x6  
  56  4:50  Zerg Flyer Weapons Level 1  
  68  4:54  Overlord  
  68  4:58  Overlord  
  68  5:02  Metabolic Boost  
  68  5:08  Overlord  
  68  5:15  Mutalisk  
  68  5:18  Drone x2  
  68  5:19  Drone  
  68  5:20  Drone x4  
  77  5:24  Mutalisk  
  79  5:30  Baneling Nest  
  78  5:38  Mutalisk  
  78  5:41  Drone, Overlord  
  78  5:42  Drone x3  
  84  5:44  Drone x2  
  84  5:47  Overseer  
  86  5:51  Mutalisk  
  86  5:53  Drone x2  
  88  6:01  Drone x2  
  88  6:03  Extractor  
  89  6:04  Extractor  
  89  6:08  Drone x5  
  93  6:15  Mutalisk  
  95  6:20  Overlord  
  95  6:22  Zergling x8  
  95  6:23  Centrifical Hooks  
  99  6:31  Overlord  
  99  6:33  Mutalisk  
  99  6:37  Overlord  
  101  6:41  Drone x3  
  101  6:43  Infestation Pit  
  103  6:47  Drone x2  
  103  6:48  Overlord x2  
  103  6:51  Zerg Missile Weapons Level 1, Glial Reconstitution  
  103  6:53  Drone x2  
  107  7:03  Evolution Chamber  
  107  7:05  Hatchery, Roach x4  
  113  7:09  Overlord  
  113  7:17  Roach x6  
  113  7:19  Overlord  
  125  7:25  Hive  
  125  7:31  Overlord  
  125  7:33  Zerg Ground Armor Level 1  
  125  7:35  Roach x3  
  131  7:42  Overlord  
  131  7:47  Roach  
  131  7:48  Roach x5  
  141  7:53  Overlord  
  141  7:54  Drone x2  
  141  7:58  Roach x3  
  149  8:06  Roach x5  
  159  8:13  Roach x4  
  167  8:32  Extractor  
  164  8:36  Overlord  
  164  8:37  Viper x4  
  176  8:43  Roach  
  176  8:44  Roach x5  
  188  8:52  Zerg Missile Weapons Level 2  
  188  8:59  Extractor  
  188  9:00  Roach x5  
  197  9:10  Overlord  
  197  9:14  Overseer  
  197  9:15  Pneumatized Carapace  
  197  9:17  Ravager  
  197  9:18  Ravager  
  200  9:24  Ravager  
  199  9:46  Zerg Ground Armor Level 2  
  187  9:56  Roach x11  
  188  10:12  Viper  
  185  10:15  Roach x5  
  181  10:26  Ravager x5  
  181  10:27  Ravager x2  
  181  10:28  Roach, Ravager  
  191  10:29  Roach  
  191  10:31  Overseer  
  183  10:47  Hatchery, Roach x8  
  194  11:12  Hydralisk Den  
  194  11:13  Overlord x2  
  194  11:14  Overlord  
  191  11:37  Roach x4  
  191  11:38  Roach x3  
  148  11:56  Viper x4  
  158  12:03  Roach x8  
  148  12:13  Roach x15  
  157  12:22  Roach x2  
  161  12:26  Ravager x2  
  161  12:29  Roach x3  
  166  12:32  Overseer  
  159  12:39  Hatchery  
Tags
 
Add a new tag
Caveats
  • Supply blocks, unpowered buildings, or Contaminate may cause inaccurate times.
  • Supply counts are checked every 10 seconds.